Predators vs Wild

Created - April 28 2011 at 17:24

Goals
1 2 3 OT1 T
Predators 1 2 1 1 5
Wild 1 2 1 0 4
Shots
1 2 3 OT1 T
Predators 7 5 13 4 29
Wild 14 8 3 5 30

Period #1

1. Wild , Alexei Ponikarovsky 3 (Daniel Alfredsson, Mark Eaton) at 3:29
2. Predators , Milan Michalek 2 (Patrik Elias, Scottie Upshall) at 16:08

Penalties :
Shea Weber (NSH) for Hooking (Minor) at 4:58, Shea Weber (NSH) for Tripping (Minor) at 7:00, Braydon Coburn (NSH) for High sticking (Minor) at 7:19, Aaron Ward (MIN) for Unsportsmanlike conduct (Major / Game Misconduct) at 10:01, Braydon Coburn (NSH) for Holding (Minor) at 18:34

Period #2

3. Wild , Joe Pavelski 2 (Chris Drury) at 2:24
4. Predators , Marian Gaborik 3 (Shea Weber, Nicklas Backstrom) at 3:35
5. Wild , Daniel Alfredsson 5 (Alexei Ponikarovsky) at 8:34 (PP)
6. Predators , Jeff Carter 2 (Brent Burns) at 13:42

Penalties :
Derek Morris (NSH) for Hooking (Minor) at 8:25, Braydon Coburn (NSH) for Elbowing (Minor) at 18:22

Period #3

7. Wild , Milan Hejduk 2 (Joe Pavelski, Martin St. Louis) at 0:12 (PP)
8. Predators , Marian Gaborik 4 (Nicklas Backstrom, Shea Weber) at 11:37 (PP)

Penalties :
Michal Rozsival (MIN) for Roughing (Minor) at 7:10, Chris Drury (MIN) for Holding Stick (Minor) at 10:17, Mark Eaton (MIN) for Interference (Minor) at 18:26

Overtime #1

9. Predators , Patrik Elias 3 (Cody Franson) at 6:00 (SH)

Penalties :
Shea Weber (NSH) for Slashing (Minor) at 4:18

Goalie Stats

Pekka Rinne (NSH), 26 saves from 30 shots - (0.867), W, 6-2-0, 66:01 minutes
Ilya Bryzgalov (MIN), 24 saves from 29 shots - (0.828), OTL, 6-4-1, 66:01 minutes

Players Stats

Predators
Player Name              G  A  P  +/- PIM S  H  SB FO    MP 
------------------------------------------------------------
Braydon Coburn           0  0  0   0  6   1  3  1  0/0   18 
Brent Burns              0  1  1   1  0   0  1  2  0/0   21 
Cody Franson             0  1  1   0  0   0  1  0  0/0   11 
Colin Fraser             0  0  0   0  0   0  0  0  3/9   7  
Derek Morris             0  0  0   0  2   0  1  3  0/0   16 
Jeff Carter              1  0  1   2  0   1  1  0  1/1   18 
Marian Gaborik           2  0  2   2  0   3  1  0  0/0   18 
Milan Michalek           1  0  1   0  0   3  0  1  1/1   21 
Nicklas Backstrom        0  2  2   0  0   3  2  0  16/28 22 
Patric Hornqvist         0  0  0   0  0   2  0  0  2/2   20 
Patrik Elias             1  1  2   1  0   3  0  0  9/22  20 
Scottie Upshall          0  1  1   0  0   1  0  1  1/1   16 
Shea Weber               0  2  2   2  6   1  0  0  0/0   19 
Simon Gagne              0  0  0   0  0   4  1  0  2/2   24 
Steven Stamkos           0  0  0   1  0   6  0  0  16/24 21 
Tomas Kaberle            0  0  0   0  0   0  1  0  0/0   21 
Wayne Simmonds           0  0  0  -1  0   0  0  0  0/0   7  
Zbynek Michalek          0  0  0   1  0   1  1  1  0/0   20 
Wild
Player Name              G  A  P  +/- PIM S  H  SB FO    MP 
------------------------------------------------------------
Aaron Ward               0  0  0   0  15  0  0  0  0/0   2  
Alexei Ponikarovsky      1  1  2  -2  0   7  3  0  0/1   19 
Brian Willsie            0  0  0   0  0   0  0  0  0/0   6  
Chris Drury              0  1  1   1  2   0  0  0  15/27 20 
Daniel Alfredsson        1  1  2  -1  0   3  0  1  1/2   22 
Erik Cole                0  0  0   0  0   0  1  0  1/1   18 
Francis Bouillon         0  0  0   0  0   2  1  3  0/0   22 
Joe Pavelski             1  1  2   0  0   7  4  3  7/22  25 
Kim Johnsson             0  0  0  -1  0   1  0  3  0/0   22 
Mark Eaton               0  1  1  -1  2   3  0  1  0/0   23 
Martin St. Louis         0  1  1  -1  0   1  2  0  1/4   22 
Michal Rozsival          0  0  0  -2  2   0  2  1  0/0   26 
Milan Hejduk             1  0  1  -1  0   4  1  0  2/4   20 
Olli Jokinen             0  0  0  -1  0   1  0  0  4/8   11 
Rob Niedermayer          0  0  0   0  0   1  0  1  8/20  19 
Robert Lang              0  0  0   0  0   0  0  0  0/0   0  
Ryan Whitney             0  0  0  -1  0   0  0  1  0/0   25 
Stephane Yelle           0  0  0   0  0   0  0  0  0/1   18 

3 Stars

1 - Marian Gaborik (NSH)
2 - Joe Pavelski (MIN)
3 - Patrik Elias (NSH)

Power Play

Predators - 1 on 4 Attempt(s) - 25.00%
Wild - 2 on 7 Attempt(s) - 28.57%

Penalty Kill

Predators - 5 on 7 Attempt(s) - 71.43% - Score 1 goal in Penalty Kill
Wild - 3 on 4 Attempt(s) - 75.00% - Score 0 goal in Penalty Kill

Game Notes

Aaron Ward ejected from game at 10:01 of 1st period

Finance

Level 1 -- Attendance: 6500 (100.00%) -- Ticket Income $650,000.00
Level 2 -- Attendance: 5000 (100.00%) -- Ticket Income $300,000.00
Level 3 -- Attendance: 3500 (100.00%) -- Ticket Income $122,500.00
Level 4 -- Attendance: 2064 (100.00%) -- Ticket Income $41,280.00
Luxury Box -- Attendance: 1000 (100.00%) -- Ticket Income $200,000.00
Game was played at the Xcel Energy Center
Total Attendance: 18064 (100.00%)
Total Ticket Income: $1,354,102.00
Other Income: $406,230.71
Total Income: $1,760,333.00


Play by Play

Period #1

0:01 of 1st period - Chris Drury wins face-off versus Nicklas Backstrom in neutral zone.
0:38 of 1st period - Shot by Daniel Alfredsson.
0:38 of 1st period - Shot Misses the Net.
0:40 of 1st period - Shot by Daniel Alfredsson.
0:40 of 1st period - Shot Misses the Net.
1:13 of 1st period - Shot by Steven Stamkos.
1:13 of 1st period - Stopped by Ilya Bryzgalov without a rebound.
1:14 of 1st period - Scottie Upshall wins face-off versus Rob Niedermayer in Wild zone.
1:17 of 1st period - Shot by Milan Michalek.
1:17 of 1st period - Shot Hit the Post.
1:25 of 1st period - Shot by Aaron Ward.
1:25 of 1st period - Shot Blocked by Derek Morris.
1:27 of 1st period - Shot by Stephane Yelle.
1:27 of 1st period - Shot Blocked by Scottie Upshall.
2:40 of 1st period - Shot by Joe Pavelski.
2:40 of 1st period - Shot Blocked by Braydon Coburn.
2:43 of 1st period - Icing by Tomas Kaberle.
2:44 of 1st period - Chris Drury wins face-off versus Steven Stamkos in Predators zone.
2:55 of 1st period - Shot by Alexei Ponikarovsky.
2:55 of 1st period - Stopped by Pekka Rinne without a rebound.
2:56 of 1st period - Nicklas Backstrom wins face-off versus Chris Drury in Predators zone.
2:56 of 1st period - Marian Gaborik is hit by Alexei Ponikarovsky and loses puck.
3:18 of 1st period - Icing by Mark Eaton.
3:19 of 1st period - Chris Drury wins face-off versus Nicklas Backstrom in Wild zone.
3:29 of 1st period - Shot by Alexei Ponikarovsky.
3:29 of 1st period - Goal by Alexei Ponikarovsky - Predators : 0 - Wild : 1.
3:30 of 1st period - Patrik Elias wins face-off versus Rob Niedermayer in neutral zone.
3:47 of 1st period - Shot by Patrik Elias.
3:47 of 1st period - Shot Misses the Net.
3:51 of 1st period - Shot by Milan Michalek.
3:51 of 1st period - Deflect By Patrik Elias.
3:51 of 1st period - Stopped by Ilya Bryzgalov without a rebound.
3:52 of 1st period - Steven Stamkos wins face-off versus Joe Pavelski in Wild zone.
4:09 of 1st period - Shot by Simon Gagne.
4:09 of 1st period - Deflect By Steven Stamkos.
4:09 of 1st period - Stopped by Ilya Bryzgalov without a rebound.
4:10 of 1st period - Chris Drury wins face-off versus Nicklas Backstrom in Wild zone.
4:12 of 1st period - Icing by Alexei Ponikarovsky.
4:13 of 1st period - Chris Drury wins face-off versus Nicklas Backstrom in Wild zone.
4:18 of 1st period - Shot by Daniel Alfredsson.
4:18 of 1st period - Shot Misses the Net.
4:22 of 1st period - Shot by Alexei Ponikarovsky.
4:22 of 1st period - Stopped by Pekka Rinne without a rebound.
4:23 of 1st period - Steven Stamkos wins face-off versus Rob Niedermayer in Predators zone.
4:30 of 1st period - Shot by Braydon Coburn.
4:30 of 1st period - Shot Misses the Net.
4:40 of 1st period - Shot by Steven Stamkos.
4:40 of 1st period - Shot Misses the Net.
4:48 of 1st period - Shot by Simon Gagne.
4:48 of 1st period - Shot Misses the Net.
4:50 of 1st period - Shot by Simon Gagne.
4:50 of 1st period - Stopped by Ilya Bryzgalov without a rebound.
4:51 of 1st period - Chris Drury wins face-off versus Nicklas Backstrom in Wild zone.
4:51 of 1st period - Chris Drury is hit by Jeff Carter.
4:58 of 1st period - Minor Penalty to Shea Weber for Hooking.
4:59 of 1st period - Joe Pavelski wins face-off versus Patrik Elias in Predators zone.
5:14 of 1st period - Shot by Milan Hejduk.
5:14 of 1st period - Stopped by Pekka Rinne without a rebound.
5:15 of 1st period - Olli Jokinen wins face-off versus Colin Fraser in Predators zone.
5:22 of 1st period - Shot by Kim Johnsson.
5:22 of 1st period - Shot Misses the Net.
5:36 of 1st period - Shot by Mark Eaton.
5:36 of 1st period - Stopped by Pekka Rinne without a rebound.
5:37 of 1st period - Milan Hejduk wins face-off versus Patrik Elias in Predators zone.
5:46 of 1st period - Shot by Joe Pavelski.
5:46 of 1st period - Stopped by Pekka Rinne without a rebound.
5:47 of 1st period - Patrik Elias wins face-off versus Joe Pavelski in Predators zone.
6:05 of 1st period - Milan Hejduk is hit by Cody Franson and loses puck.
6:49 of 1st period - Shot by Alexei Ponikarovsky.
6:49 of 1st period - Shot Misses the Net.
6:51 of 1st period - Shot by Mark Eaton.
6:51 of 1st period - Stopped by Pekka Rinne without a rebound.
6:52 of 1st period - Daniel Alfredsson wins face-off versus Colin Fraser in Predators zone.
7:00 of 1st period - Minor Penalty to Shea Weber for Tripping.
7:01 of 1st period - Olli Jokinen wins face-off versus Patrik Elias in Predators zone.
7:04 of 1st period - Shot by Alexei Ponikarovsky.
7:04 of 1st period - Deflect By Olli Jokinen.
7:04 of 1st period - Stopped by Pekka Rinne without a rebound.
7:05 of 1st period - Olli Jokinen wins face-off versus Colin Fraser in Predators zone.
7:05 of 1st period - Daniel Alfredsson is hit by Derek Morris and loses puck.
7:19 of 1st period - Minor Penalty to Braydon Coburn for High sticking.
7:20 of 1st period - Martin St. Louis wins face-off versus Colin Fraser in Predators zone.
9:25 of 1st period - Shot by Francis Bouillon.
9:25 of 1st period - Stopped by Pekka Rinne without a rebound.
9:26 of 1st period - Erik Cole wins face-off versus Steven Stamkos in Predators zone.
9:26 of 1st period - Kim Johnsson is hit by Braydon Coburn and loses puck.
9:46 of 1st period - Shot by Steven Stamkos.
9:46 of 1st period - Stopped by Ilya Bryzgalov with a rebound.
9:48 of 1st period - Shot by Simon Gagne.
9:48 of 1st period - Shot Blocked by Rob Niedermayer.
9:50 of 1st period - Shot by Tomas Kaberle.
9:50 of 1st period - Shot Blocked by Kim Johnsson.
9:54 of 1st period - Shot by Steven Stamkos.
9:54 of 1st period - Shot Misses the Net.
9:56 of 1st period - Shot by Braydon Coburn.
9:56 of 1st period - Shot Misses the Net.
9:58 of 1st period - Shot by Steven Stamkos.
9:58 of 1st period - Shot Misses the Net.
10:01 of 1st period - Major / Game Misconduct Penalty to Aaron Ward for Unsportsmanlike conduct.
10:01 of 1st period - Aaron Ward is ejected from game.
10:02 of 1st period - Chris Drury wins face-off versus Nicklas Backstrom in Wild zone.
10:02 of 1st period - Chris Drury is hit by Nicklas Backstrom.
10:09 of 1st period - Icing by Nicklas Backstrom.
10:10 of 1st period - Chris Drury wins face-off versus Nicklas Backstrom in Predators zone.
11:28 of 1st period - Shot by Shea Weber.
11:28 of 1st period - Shot Misses the Net.
11:32 of 1st period - Shot by Nicklas Backstrom.
11:32 of 1st period - Stopped by Ilya Bryzgalov without a rebound.
11:33 of 1st period - Nicklas Backstrom wins face-off versus Chris Drury in Wild zone.
11:40 of 1st period - Shot by Patric Hornqvist.
11:40 of 1st period - Shot Blocked by Joe Pavelski.
11:42 of 1st period - Shot by Nicklas Backstrom.
11:42 of 1st period - Shot Misses the Net.
13:02 of 1st period - Shot by Patrik Elias.
13:02 of 1st period - Shot Misses the Net.
13:40 of 1st period - Shot by Olli Jokinen.
13:40 of 1st period - Shot Hit the Post.
15:18 of 1st period - Shot by Erik Cole.
15:18 of 1st period - Shot Blocked by Milan Michalek.
15:20 of 1st period - Shot by Kim Johnsson.
15:20 of 1st period - Stopped by Pekka Rinne without a rebound.
15:21 of 1st period - Chris Drury wins face-off versus Steven Stamkos in Predators zone.
15:26 of 1st period - Shot by Daniel Alfredsson.
15:26 of 1st period - Shot Blocked by Brent Burns.
15:28 of 1st period - Shot by Chris Drury.
15:28 of 1st period - Shot Misses the Net.
15:30 of 1st period - Shot by Chris Drury.
15:30 of 1st period - Shot Misses the Net.
15:46 of 1st period - Shot by Francis Bouillon.
15:46 of 1st period - Stopped by Pekka Rinne without a rebound.
15:47 of 1st period - Joe Pavelski wins face-off versus Patrik Elias in Predators zone.
15:52 of 1st period - Shot by Milan Hejduk.
15:52 of 1st period - Shot Blocked by Derek Morris.
16:08 of 1st period - Shot by Milan Michalek.
16:08 of 1st period - Goal by Milan Michalek - Predators : 1 - Wild : 1.
16:09 of 1st period - Nicklas Backstrom wins face-off versus Rob Niedermayer in neutral zone.
16:46 of 1st period - Jeff Carter is hit by Alexei Ponikarovsky and loses puck.
17:07 of 1st period - Shot by Daniel Alfredsson.
17:07 of 1st period - Stopped by Pekka Rinne with a rebound.
17:09 of 1st period - Shot by Daniel Alfredsson.
17:09 of 1st period - Stopped by Pekka Rinne without a rebound.
17:10 of 1st period - Steven Stamkos wins face-off versus Joe Pavelski in Predators zone.
17:30 of 1st period - Shot by Joe Pavelski.
17:30 of 1st period - Stopped by Pekka Rinne without a rebound.
17:31 of 1st period - Milan Michalek wins face-off versus Rob Niedermayer in Predators zone.
18:31 of 1st period - Icing by Braydon Coburn.
18:32 of 1st period - Chris Drury wins face-off versus Steven Stamkos in Predators zone.
18:34 of 1st period - Minor Penalty to Braydon Coburn for Holding.
18:35 of 1st period - Colin Fraser wins face-off versus Olli Jokinen in Predators zone.
19:10 of 1st period - Icing by Daniel Alfredsson.
19:11 of 1st period - Olli Jokinen wins face-off versus Patrik Elias in Wild zone.
19:29 of 1st period - Icing by Chris Drury.
19:30 of 1st period - Joe Pavelski wins face-off versus Colin Fraser in Wild zone.

Period #2

0:01 of 2nd period - Colin Fraser wins face-off versus Joe Pavelski in neutral zone.
0:08 of 2nd period - Derek Morris is hit by Joe Pavelski and loses puck.
0:45 of 2nd period - Shot by Alexei Ponikarovsky.
0:45 of 2nd period - Shot Misses the Net.
0:57 of 2nd period - Shot by Nicklas Backstrom.
0:57 of 2nd period - Shot Hit the Post.
1:01 of 2nd period - Shot by Nicklas Backstrom.
1:01 of 2nd period - Shot Hit the Post.
1:37 of 2nd period - Shot by Michal Rozsival.
1:37 of 2nd period - Shot Misses the Net.
1:51 of 2nd period - Shot by Steven Stamkos.
1:51 of 2nd period - Shot Misses the Net.
2:00 of 2nd period - Erik Cole is hit by Tomas Kaberle and loses puck.
2:08 of 2nd period - Icing by Braydon Coburn.
2:09 of 2nd period - Patric Hornqvist wins face-off versus Joe Pavelski in Predators zone.
2:24 of 2nd period - Shot by Joe Pavelski.
2:24 of 2nd period - Goal by Joe Pavelski - Predators : 1 - Wild : 2.
2:25 of 2nd period - Nicklas Backstrom wins face-off versus Joe Pavelski in neutral zone.
2:37 of 2nd period - Off-side.
2:38 of 2nd period - Chris Drury wins face-off versus Patrik Elias in neutral zone.
3:35 of 2nd period - Shot by Marian Gaborik.
3:35 of 2nd period - Goal by Marian Gaborik - Predators : 2 - Wild : 2.
3:36 of 2nd period - Simon Gagne wins face-off versus Joe Pavelski in neutral zone.
3:38 of 2nd period - Steven Stamkos is hit by Joe Pavelski.
3:39 of 2nd period - Off-side.
3:40 of 2nd period - Steven Stamkos wins face-off versus Joe Pavelski in neutral zone.
3:40 of 2nd period - Tomas Kaberle is hit by Milan Hejduk and loses puck.
3:49 of 2nd period - Icing by Steven Stamkos.
3:50 of 2nd period - Steven Stamkos wins face-off versus Rob Niedermayer in Predators zone.
4:02 of 2nd period - Michal Rozsival is hit by Braydon Coburn and loses puck.
4:38 of 2nd period - Icing by Rob Niedermayer.
4:39 of 2nd period - Rob Niedermayer wins face-off versus Nicklas Backstrom in Wild zone.
6:02 of 2nd period - Shot by Patrik Elias.
6:02 of 2nd period - Shot Misses the Net.
6:04 of 2nd period - Shot by Zbynek Michalek.
6:04 of 2nd period - Shot Misses the Net.
6:06 of 2nd period - Shot by Zbynek Michalek.
6:06 of 2nd period - Shot Misses the Net.
6:08 of 2nd period - Shot by Patrik Elias.
6:08 of 2nd period - Shot Hit the Post.
6:10 of 2nd period - Shot by Milan Michalek.
6:10 of 2nd period - Stopped by Ilya Bryzgalov without a rebound.
6:11 of 2nd period - Patric Hornqvist wins face-off versus Joe Pavelski in Wild zone.
6:34 of 2nd period - Shot by Martin St. Louis.
6:34 of 2nd period - Stopped by Pekka Rinne without a rebound.
6:35 of 2nd period - Patrik Elias wins face-off versus Chris Drury in Predators zone.
7:09 of 2nd period - Icing by Milan Michalek.
7:10 of 2nd period - Joe Pavelski wins face-off versus Patrik Elias in Predators zone.
8:00 of 2nd period - Icing by Zbynek Michalek.
8:01 of 2nd period - Rob Niedermayer wins face-off versus Patrik Elias in Predators zone.
8:25 of 2nd period - Minor Penalty to Derek Morris for Hooking.
8:26 of 2nd period - Simon Gagne wins face-off versus Olli Jokinen in Predators zone.
8:34 of 2nd period - Shot by Daniel Alfredsson.
8:34 of 2nd period - Goal by Daniel Alfredsson - Predators : 2 - Wild : 3.
8:35 of 2nd period - Nicklas Backstrom wins face-off versus Chris Drury in neutral zone.
8:44 of 2nd period - Shot by Jeff Carter.
8:44 of 2nd period - Shot Misses the Net.
8:49 of 2nd period - Icing by Francis Bouillon.
8:50 of 2nd period - Steven Stamkos wins face-off versus Chris Drury in Wild zone.
9:11 of 2nd period - Shot by Simon Gagne.
9:11 of 2nd period - Stopped by Ilya Bryzgalov without a rebound.
9:12 of 2nd period - Nicklas Backstrom wins face-off versus Joe Pavelski in Wild zone.
9:44 of 2nd period - Marian Gaborik is hit by Michal Rozsival and loses puck.
10:48 of 2nd period - Shot by Joe Pavelski.
10:48 of 2nd period - Stopped by Pekka Rinne with a rebound.
11:05 of 2nd period - Shot by Simon Gagne.
11:05 of 2nd period - Shot Blocked by Daniel Alfredsson.
11:07 of 2nd period - Shot by Simon Gagne.
11:07 of 2nd period - Shot Blocked by Joe Pavelski.
11:11 of 2nd period - Shot by Tomas Kaberle.
11:11 of 2nd period - Shot Misses the Net.
11:13 of 2nd period - Shot by Tomas Kaberle.
11:13 of 2nd period - Shot Blocked by Joe Pavelski.
11:47 of 2nd period - Shot by Patrik Elias.
11:47 of 2nd period - Shot Blocked by Kim Johnsson.
11:49 of 2nd period - Shot by Milan Michalek.
11:49 of 2nd period - Shot Blocked by Michal Rozsival.
12:47 of 2nd period - Shot by Marian Gaborik.
12:47 of 2nd period - Shot Blocked by Francis Bouillon.
12:51 of 2nd period - Shot by Patric Hornqvist.
12:51 of 2nd period - Stopped by Ilya Bryzgalov without a rebound.
12:52 of 2nd period - Steven Stamkos wins face-off versus Chris Drury in Wild zone.
13:13 of 2nd period - Shot by Alexei Ponikarovsky.
13:13 of 2nd period - Stopped by Pekka Rinne without a rebound.
13:14 of 2nd period - Patrik Elias wins face-off versus Joe Pavelski in Predators zone.
13:14 of 2nd period - Patrik Elias is hit by Joe Pavelski.
13:36 of 2nd period - Shot by Joe Pavelski.
13:36 of 2nd period - Stopped by Pekka Rinne without a rebound.
13:37 of 2nd period - Jeff Carter wins face-off versus Alexei Ponikarovsky in Predators zone.
13:42 of 2nd period - Shot by Jeff Carter.
13:42 of 2nd period - Goal by Jeff Carter - Predators : 3 - Wild : 3.
13:43 of 2nd period - Nicklas Backstrom wins face-off versus Chris Drury in neutral zone.
14:02 of 2nd period - Shot by Daniel Alfredsson.
14:02 of 2nd period - Deflect By Alexei Ponikarovsky.
14:02 of 2nd period - Stopped by Pekka Rinne without a rebound.
14:03 of 2nd period - Steven Stamkos wins face-off versus Milan Hejduk in Predators zone.
14:05 of 2nd period - Icing by Simon Gagne.
14:06 of 2nd period - Steven Stamkos wins face-off versus Joe Pavelski in Predators zone.
14:32 of 2nd period - Patric Hornqvist is hit by Martin St. Louis and loses puck.
14:51 of 2nd period - Shot by Erik Cole.
14:51 of 2nd period - Shot Misses the Net.
14:55 of 2nd period - Shot by Mark Eaton.
14:55 of 2nd period - Shot Misses the Net.
14:59 of 2nd period - Shot by Stephane Yelle.
14:59 of 2nd period - Shot Misses the Net.
15:30 of 2nd period - Icing by Derek Morris.
15:31 of 2nd period - Chris Drury wins face-off versus Patrik Elias in Predators zone.
15:39 of 2nd period - Off-side.
15:40 of 2nd period - Chris Drury wins face-off versus Nicklas Backstrom in neutral zone.
15:44 of 2nd period - Alexei Ponikarovsky is hit by Brent Burns and loses puck.
15:47 of 2nd period - Shot by Chris Drury.
15:47 of 2nd period - Deflect By Alexei Ponikarovsky.
15:47 of 2nd period - Stopped by Pekka Rinne without a rebound.
15:48 of 2nd period - Nicklas Backstrom wins face-off versus Joe Pavelski in Predators zone.
15:59 of 2nd period - Shot by Milan Michalek.
15:59 of 2nd period - Shot Misses the Net.
16:33 of 2nd period - Off-side.
16:34 of 2nd period - Chris Drury wins face-off versus Patrik Elias in neutral zone.
16:36 of 2nd period - Alexei Ponikarovsky is hit by Zbynek Michalek and loses puck.
17:05 of 2nd period - Icing by Mark Eaton.
17:06 of 2nd period - Nicklas Backstrom wins face-off versus Chris Drury in Wild zone.
17:10 of 2nd period - Marian Gaborik is hit by Francis Bouillon and loses puck.
17:55 of 2nd period - Kim Johnsson is hit by Simon Gagne and loses puck.
18:00 of 2nd period - Shot by Rob Niedermayer.
18:00 of 2nd period - Shot Misses the Net.
18:09 of 2nd period - Steven Stamkos is hit by Joe Pavelski and loses puck.
18:22 of 2nd period - Minor Penalty to Braydon Coburn for Elbowing.
18:23 of 2nd period - Patrik Elias wins face-off versus Olli Jokinen in Predators zone.
18:31 of 2nd period - Off-side.
18:32 of 2nd period - Joe Pavelski wins face-off versus Patrik Elias in neutral zone.

Period #3

0:01 of 3rd period - Colin Fraser wins face-off versus Joe Pavelski in neutral zone.
0:12 of 3rd period - Shot by Milan Hejduk.
0:12 of 3rd period - Goal by Milan Hejduk - Predators : 3 - Wild : 4.
0:13 of 3rd period - Nicklas Backstrom wins face-off versus Chris Drury in neutral zone.
0:18 of 3rd period - Shot by Milan Michalek.
0:18 of 3rd period - Stopped by Ilya Bryzgalov with a rebound.
1:27 of 3rd period - Shot by Steven Stamkos.
1:27 of 3rd period - Stopped by Ilya Bryzgalov with a rebound.
1:31 of 3rd period - Shot by Steven Stamkos.
1:31 of 3rd period - Shot Misses the Net.
1:33 of 3rd period - Shot by Simon Gagne.
1:33 of 3rd period - Shot Misses the Net.
1:37 of 3rd period - Shot by Steven Stamkos.
1:37 of 3rd period - Stopped by Ilya Bryzgalov without a rebound.
1:38 of 3rd period - Rob Niedermayer wins face-off versus Patrik Elias in Wild zone.
2:34 of 3rd period - Braydon Coburn is hit by Erik Cole and loses puck.
2:46 of 3rd period - Milan Hejduk is hit by Braydon Coburn and loses puck.
4:02 of 3rd period - Shot by Alexei Ponikarovsky.
4:02 of 3rd period - Shot Blocked by Derek Morris.
4:33 of 3rd period - Shot by Steven Stamkos.
4:33 of 3rd period - Shot Misses the Net.
4:37 of 3rd period - Shot by Simon Gagne.
4:37 of 3rd period - Stopped by Ilya Bryzgalov without a rebound.
4:38 of 3rd period - Nicklas Backstrom wins face-off versus Stephane Yelle in Wild zone.
4:38 of 3rd period - Nicklas Backstrom is hit by Michal Rozsival.
4:45 of 3rd period - Icing by Rob Niedermayer.
4:46 of 3rd period - Rob Niedermayer wins face-off versus Nicklas Backstrom in Wild zone.
4:46 of 3rd period - Rob Niedermayer is hit by Marian Gaborik.
5:56 of 3rd period - Shot by Patric Hornqvist.
5:56 of 3rd period - Deflect By Steven Stamkos.
5:56 of 3rd period - Stopped by Ilya Bryzgalov without a rebound.
5:57 of 3rd period - Patrik Elias wins face-off versus Rob Niedermayer in Wild zone.
6:00 of 3rd period - Shot by Scottie Upshall.
6:00 of 3rd period - Stopped by Ilya Bryzgalov with a rebound.
7:10 of 3rd period - Minor Penalty to Michal Rozsival for Roughing.
7:11 of 3rd period - Nicklas Backstrom wins face-off versus Chris Drury in Wild zone.
7:24 of 3rd period - Shot by Marian Gaborik.
7:24 of 3rd period - Stopped by Ilya Bryzgalov with a rebound.
10:05 of 3rd period - Shot by Alexei Ponikarovsky.
10:05 of 3rd period - Stopped by Pekka Rinne without a rebound.
10:06 of 3rd period - Steven Stamkos wins face-off versus Rob Niedermayer in Predators zone.
10:17 of 3rd period - Minor Penalty to Chris Drury for Holding Stick.
10:18 of 3rd period - Steven Stamkos wins face-off versus Martin St. Louis in Wild zone.
10:46 of 3rd period - Icing by Jeff Carter.
10:47 of 3rd period - Steven Stamkos wins face-off versus Martin St. Louis in Predators zone.
10:57 of 3rd period - Icing by Steven Stamkos.
10:58 of 3rd period - Steven Stamkos wins face-off versus Rob Niedermayer in Predators zone.
11:20 of 3rd period - Mark Eaton is hit by Nicklas Backstrom and loses puck.
11:35 of 3rd period - Shot by Marian Gaborik.
11:35 of 3rd period - Shot Blocked by Mark Eaton.
11:37 of 3rd period - Shot by Marian Gaborik.
11:37 of 3rd period - Goal by Marian Gaborik - Predators : 4 - Wild : 4.
11:38 of 3rd period - Nicklas Backstrom wins face-off versus Martin St. Louis in neutral zone.
12:07 of 3rd period - Shot by Joe Pavelski.
12:07 of 3rd period - Shot Hit the Post.
12:09 of 3rd period - Shot by Joe Pavelski.
12:09 of 3rd period - Stopped by Pekka Rinne without a rebound.
12:10 of 3rd period - Patrik Elias wins face-off versus Rob Niedermayer in Predators zone.
12:18 of 3rd period - Off-side.
12:19 of 3rd period - Steven Stamkos wins face-off versus Rob Niedermayer in neutral zone.
12:21 of 3rd period - Off-side.
12:22 of 3rd period - Rob Niedermayer wins face-off versus Steven Stamkos in neutral zone.
14:20 of 3rd period - Shot by Chris Drury.
14:20 of 3rd period - Shot Misses the Net.
14:22 of 3rd period - Shot by Francis Bouillon.
14:22 of 3rd period - Shot Misses the Net.
14:37 of 3rd period - Icing by Kim Johnsson.
14:38 of 3rd period - Rob Niedermayer wins face-off versus Steven Stamkos in Wild zone.
14:52 of 3rd period - Shot by Simon Gagne.
14:52 of 3rd period - Shot Blocked by Kim Johnsson.
15:44 of 3rd period - Shot by Marian Gaborik.
15:44 of 3rd period - Shot Misses the Net.
16:52 of 3rd period - Shot by Scottie Upshall.
16:52 of 3rd period - Shot Hit the Post.
16:54 of 3rd period - Shot by Zbynek Michalek.
16:54 of 3rd period - Stopped by Ilya Bryzgalov without a rebound.
16:55 of 3rd period - Nicklas Backstrom wins face-off versus Joe Pavelski in Wild zone.
17:04 of 3rd period - Shot by Marian Gaborik.
17:04 of 3rd period - Shot Misses the Net.
17:08 of 3rd period - Shot by Marian Gaborik.
17:08 of 3rd period - Shot Misses the Net.
17:10 of 3rd period - Shot by Shea Weber.
17:10 of 3rd period - Shot Misses the Net.
17:12 of 3rd period - Shot by Jeff Carter.
17:12 of 3rd period - Shot Blocked by Ryan Whitney.
17:14 of 3rd period - Shot by Brent Burns.
17:14 of 3rd period - Shot Misses the Net.
17:18 of 3rd period - Shot by Marian Gaborik.
17:18 of 3rd period - Shot Misses the Net.
17:20 of 3rd period - Shot by Nicklas Backstrom.
17:20 of 3rd period - Stopped by Ilya Bryzgalov with a rebound.
17:22 of 3rd period - Shot by Shea Weber.
17:22 of 3rd period - Stopped by Ilya Bryzgalov without a rebound.
17:23 of 3rd period - Patrik Elias wins face-off versus Milan Hejduk in Wild zone.
17:24 of 3rd period - Shot by Patric Hornqvist.
17:24 of 3rd period - Shot Blocked by Francis Bouillon.
17:28 of 3rd period - Shot by Simon Gagne.
17:28 of 3rd period - Shot Misses the Net.
17:30 of 3rd period - Shot by Tomas Kaberle.
17:30 of 3rd period - Shot Hit the Post.
17:32 of 3rd period - Shot by Braydon Coburn.
17:32 of 3rd period - Stopped by Ilya Bryzgalov with a rebound.
17:34 of 3rd period - Shot by Patrik Elias.
17:34 of 3rd period - Stopped by Ilya Bryzgalov with a rebound.
18:03 of 3rd period - Icing by Francis Bouillon.
18:04 of 3rd period - Steven Stamkos wins face-off versus Daniel Alfredsson in Wild zone.
18:26 of 3rd period - Minor Penalty to Mark Eaton for Interference.
18:27 of 3rd period - Chris Drury wins face-off versus Nicklas Backstrom in Wild zone.
19:18 of 3rd period - Icing by Simon Gagne.
19:19 of 3rd period - Steven Stamkos wins face-off versus Rob Niedermayer in Predators zone.
19:56 of 3rd period - Shot by Marian Gaborik.
19:56 of 3rd period - Shot Misses the Net.
19:58 of 3rd period - Shot by Marian Gaborik.
19:58 of 3rd period - Shot Misses the Net.

Overtime #1

0:01 of 1st overtime period - Nicklas Backstrom wins face-off versus Chris Drury in neutral zone.
0:04 of 1st overtime period - Shot by Marian Gaborik.
0:04 of 1st overtime period - Shot Misses the Net.
0:08 of 1st overtime period - Shot by Marian Gaborik.
0:08 of 1st overtime period - Shot Misses the Net.
0:10 of 1st overtime period - Shot by Nicklas Backstrom.
0:10 of 1st overtime period - Deflect By Patric Hornqvist.
0:10 of 1st overtime period - Stopped by Ilya Bryzgalov without a rebound.
0:11 of 1st overtime period - Rob Niedermayer wins face-off versus Steven Stamkos in Wild zone.
0:22 of 1st overtime period - Shot by Simon Gagne.
0:22 of 1st overtime period - Stopped by Ilya Bryzgalov without a rebound.
0:23 of 1st overtime period - Nicklas Backstrom wins face-off versus Chris Drury in Wild zone.
0:24 of 1st overtime period - Shot by Shea Weber.
0:24 of 1st overtime period - Shot Blocked by Francis Bouillon.
0:26 of 1st overtime period - Shot by Nicklas Backstrom.
0:26 of 1st overtime period - Stopped by Ilya Bryzgalov with a rebound.
0:44 of 1st overtime period - Shot by Erik Cole.
0:44 of 1st overtime period - Shot Blocked by Zbynek Michalek.
0:46 of 1st overtime period - Shot by Rob Niedermayer.
0:46 of 1st overtime period - Stopped by Pekka Rinne without a rebound.
0:47 of 1st overtime period - Joe Pavelski wins face-off versus Nicklas Backstrom in Predators zone.
1:09 of 1st overtime period - Shot by Milan Hejduk.
1:09 of 1st overtime period - Shot Misses the Net.
1:13 of 1st overtime period - Shot by Martin St. Louis.
1:13 of 1st overtime period - Deflect By Milan Hejduk.
1:13 of 1st overtime period - Shot Misses the Net.
1:15 of 1st overtime period - Shot by Milan Hejduk.
1:15 of 1st overtime period - Shot Blocked by Brent Burns.
1:17 of 1st overtime period - Shot by Milan Hejduk.
1:17 of 1st overtime period - Stopped by Pekka Rinne without a rebound.
1:18 of 1st overtime period - Rob Niedermayer wins face-off versus Steven Stamkos in Predators zone.
1:49 of 1st overtime period - Shot by Simon Gagne.
1:49 of 1st overtime period - Shot Misses the Net.
2:54 of 1st overtime period - Shot by Olli Jokinen.
2:54 of 1st overtime period - Shot Misses the Net.
3:23 of 1st overtime period - Shea Weber is hit by Alexei Ponikarovsky and loses puck.
4:10 of 1st overtime period - Shea Weber is hit by Martin St. Louis and loses puck.
4:18 of 1st overtime period - Minor Penalty to Shea Weber for Slashing.
4:19 of 1st overtime period - Patrik Elias wins face-off versus Olli Jokinen in Predators zone.
4:46 of 1st overtime period - Shot by Mark Eaton.
4:46 of 1st overtime period - Stopped by Pekka Rinne without a rebound.
4:47 of 1st overtime period - Milan Hejduk wins face-off versus Patrik Elias in Predators zone.
5:04 of 1st overtime period - Shot by Joe Pavelski.
5:04 of 1st overtime period - Shot Misses the Net.
5:06 of 1st overtime period - Shot by Joe Pavelski.
5:06 of 1st overtime period - Stopped by Pekka Rinne with a rebound.
5:08 of 1st overtime period - Shot by Ryan Whitney.
5:08 of 1st overtime period - Shot Misses the Net.
5:10 of 1st overtime period - Shot by Milan Hejduk.
5:10 of 1st overtime period - Stopped by Pekka Rinne without a rebound.
5:11 of 1st overtime period - Joe Pavelski wins face-off versus Colin Fraser in Predators zone.
6:00 of 1st overtime period - Shot by Patrik Elias.
6:00 of 1st overtime period - Goal by Patrik Elias - Predators : 5 - Wild : 4.


Output by the SimonT Hockey Simulator (STHS) for Stephane Roy -- Original Page W3C XHTML 1.0 Valid